AoeStats
← BlankPrawn5690

Arabia

510816512Analyzed
1v1 RM · 14h ago on Oct 2, 2026· 33m 3s· 2 players
Game mode
Random Map
Map size
Tiny (2 player)
Population
200
Speed
Normal
Resources
Standard
Victory
Conquest
Starting age
Dark Age
Ending age
Imperial Age
RankedLock teamsTeams togetherTeam positionsShared explorationLock speedFull tech treeHidden civsTurbo modeCheats
Victory
Defeat
🇺🇸 Chinese · United States
860
+14
🇨🇦 Danes · Canada
818
-14
BlankPrawn5690
7:44 Loom
11:43 Feudal Age
13:05 Man-at-Arms
23:09 Forging
25:40 Fletching
30:03 Scale Mail Armor
31:14 Wheelbarrow
e.olaguez678
8:52 Loom
11:20 Feudal Age
11:23 Man-at-Arms
14:57 Forging
15:47 Double-Bit Axe
17:19 Scale Mail Armor
20:05 Arson
23:28 Horse Collar
26:31 Castle Age
26:39 Long Swordsman
28:04 Chain Mail Armor
28:24 Iron Casting
28:30 Squires
28:33 Gold Mining
28:37 Stone Mining
29:54 Bow Saw
Connection lost

Rejoining the realm…

Still unreachable

The connection could not be restored.

Session expired

The server has moved on; the page needs a fresh start.